 Dungeon Crawl Stone Soup version 0.20-a0-150-g0ef8409 (webtiles) character file.

72 FrankyJ the Ogre Mage (level 4, -1/39 HPs)
             Began as an Ogre Fire Elementalist on Nov 21, 2016.
             Slain by Natasha (10 damage)
             ... on level 2 of the Dungeon.
             The game lasted 00:08:32 (1747 turns).

FrankyJ the Ogre Mage (Ogre Fire Elementalist)      Turns: 1747, Time: 00:08:33

Health: -1/39      AC:  3    Str: 13    XL:     4   Next: 25%
Magic:  1/8        EV: 10    Int: 15    God:
Gold:   82         SH:  0    Dex: 10    Spells: 4/9 levels left

rFire  . . .     SeeInvis .     f - +0 club
rCold  . . .     Gourm    .     a - +0 robe
rNeg   . . .     Faith    .     (no shield)
rPois  .         Spirit   .     (helmet restricted)
rElec  .         Reflect  .     (no cloak)
rCorr  .         Harm     .     (gloves unavailable)
MR     .....                    (boots unavailable)
Stlth  ++........               (no amulet)
                                (no ring)
                                (no ring)

@: very slightly contaminated, slowed, very slow
A: unfitting armour, tough skin 1
a: no special abilities


You were on level 2 of the Dungeon.
You were not hungry.

You visited 1 branch of the dungeon, and saw 2 of its levels.

You collected 82 gold pieces.

Inventory:

Hand Weapons
 f - a +0 club (weapon)
Missiles
 l - a throwing net (quivered)
 q - 4 large rocks
Armour
 a - a +0 robe (worn)
Jewellery
 j - an uncursed ring of fire {unknown}
Scrolls
 e - 2 scrolls of fog {unknown}
 h - 2 scrolls of amnesia {unknown}
 i - a scroll of enchant armour {unknown}
 k - a scroll of teleportation {unknown}
 p - 2 scrolls of fear {unknown}
Potions
 g - a potion of heal wounds {unknown}
 m - a potion of curing {unknown}
 r - 2 potions of lignification {unknown}
Books
 b - a book of Flames

   Spells                             Type                      Level
   a - Flame Tongue                   Conjuration/Fire             1
   b - Throw Flame                    Conjuration/Fire             2
   c - Conjure Flame                  Conjuration/Fire             3
   d - Inner Flame                    Hexes/Fire                   3
   e - Sticky Flame                   Conjuration/Fire             4
   f - Fireball                       Conjuration/Fire             5
Comestibles
 c - 2 bread rations
 d - 5 chunks of flesh
 n - a beef jerky
 o - a slice of pizza


   Skills:
 - Level 2.1 Dodging
 - Level 1.4 Stealth
 + Level 3.1 Spellcasting
 * Level 2.1 Conjurations
 + Level 2.4 Fire Magic


You had 4 spell levels left.
You knew the following spells:

 Your Spells              Type           Power        Failure   Level  Hunger
a - Flame Tongue          Conj/Fire      #....        10%         1    #......
b - Sticky Flame          Conj/Fire      #.......     78%         4    #####..


Dungeon Overview and Level Annotations

Branches:
Dungeon (2/15)

Altars:
Gozag

Annotations:
D:2 Natasha


Innate Abilities, Weirdness & Mutations

You are too large for most types of armour.
You have tough skin. (AC +1)


Message History

You miscast Flame Tongue.
You smell something strange.
Natasha claws you.
You hit Natasha.
Natasha is heavily wounded.
Natasha claws you but does no damage. Natasha barely misses you.
You barely miss Natasha.
Natasha is heavily wounded.
Natasha claws you. x2
You hit Natasha.
Natasha is severely wounded.
Natasha misses you. Natasha claws you!
The kobold shouts!
You hit Natasha.
Natasha is almost dead.
Natasha claws you. x2
* * * LOW HITPOINT WARNING * * *
You closely miss Natasha.
Natasha is almost dead.
Natasha casts a spell.
Natasha claws you!
You die...

##....### ###.... #..#...####
#....). #.####....### #......
##.# ####...#####..#### #..#
#####........#####
##########<#####.................
...........h.....................
#......###.#.).#h..>.............
#......##....###@.5K.............
#...........## ######..##........
#>.....##....#######.......#....#
#......##.(#.........##)####...##
#.......).(########...<.......##
####....g..# #...###..##..##
#...##.#### #.### ##.##...##
#....#.# #####.# #..#....#
####.#.# #.....# ##.#.....


You could see an iron imp, Natasha and a kobold.

Vanquished Creatures
  Natasha (D:2)
  An adder (D:2)
  2 dart slugs (D:1)
  A leopard gecko (D:1)
  5 bats
  3 giant cockroaches (D:1)
  3 goblins (D:2)
  4 hobgoblins
  5 kobolds
  A quokka (D:2)
  A frilled lizard (D:1)
  7 rats
34 creatures vanquished.

Notes
Turn   | Place    | Note
-------+----------+-------------------------------------------
     0 | D:1      | FrankyJ the Ogre Fire Elementalist began the quest for the Orb.
     0 | D:1      | Reached XP level 1. HP: 16/16 MP: 3/3
   251 | D:1      | Reached XP level 2. HP: 24/24 MP: 3/5
   354 | D:1      | Reached skill level 1 in Conjurations
   865 | D:1      | Reached XP level 3. HP: 31/31 MP: 2/6
  1221 | D:2      | Found an opulent altar of Gozag.
  1345 | D:2      | Noticed Natasha
  1353 | D:2      | Killed Natasha
  1353 | D:2      | Reached skill level 3 in Spellcasting
  1353 | D:2      | Reached XP level 4. HP: 24/39 MP: 4/8
  1362 | D:2      | Learned a level 4 spell: Sticky Flame
  1706 | D:2      | Noticed Natasha
  1747 | D:2      | Slain by Natasha

Vault maps used:
D:1:      ncdulo_smallfort
D:2:      old_standard_altar, hangedman_decor_growths, uniq_natasha

Skill      XL: |  1  2  3  4 |
---------------+-------------+-----
Dodging        | 2 |  2.1
Conjurations   | 1 2 |  2.1
Spellcasting   | 3 |  3.1
Stealth        | |  1.4
Fire Magic     | |  2.4

Action                   |  1- 3 |  4- 6 || total
-------------------------+-------+-------++-------
Melee: Club              |    32 |    12 ||    44
       Unarmed           |     1 |       ||     1
 Cast: Flame Tongue      |    46 |    16 ||    62
  Eat: Chunk             |     2 |     1 ||     3
Armor: Robe              |    21 |     3 ||    24
Dodge: Dodged            |    41 |    14 ||    55
